 Dungeon Crawl Stone Soup version 0.29-a0-40-g8eb35efe60 (webtiles) character file.

Game seed: 1256465363117834822

40154 ragingrage the Arsonist (level 14, 0/150 HPs)
             Began as an Ogre Fire Elementalist on Feb 1, 2022.
             Was an Initiate of Gozag.
             Slain by an elephant (13 damage)
             ... on level 5 of the Lair of Beasts.
             The game lasted 00:27:47 (31131 turns).

ragingrage the Arsonist (Ogre Fire Elementalist)   Turns: 31131, Time: 00:27:47

Health: 0/150      AC:  5    Str: 15    XL:     14   Next: 9%
Magic:  20/36      EV:  9    Int: 26    God:    Gozag
Gold:   3501       SH:  0    Dex:  9    Spells: 15/32 levels left

rFire   . . .      SeeInvis .   a - staff of conjuration
rCold   + . .      Faith    .   (no shield)
rNeg    . . .      Spirit   .   T - +1 robe {rC+}
rPois   .          Reflect  .   (helmet restricted)
rElec   .          Harm     .   c - +0 cloak
rCorr   .          Rampage  .   (gloves unavailable)
Will    +....                   (boots unavailable)
Stlth   +.........              (no amulet)
HPRegen 0.35/turn               N - +6 ring of intelligence
MPRegen 0.25/turn               V - ring of magical power

@: no status effects
A: large, unfitting armour, tough skin 1
a: Renounce Religion, Potion Petition, Call Merchant, Bribe Branch


You were on level 5 of the Lair of Beasts.
You worshipped Gozag.
Gozag was most pleased with you.
You visited 3 branches of the dungeon, and saw 18 of its levels.

You collected 3574 gold pieces.
You paid 73 gold pieces to Gozag.

Inventory:

Hand Weapons
 b - a +2 short sword of venom
 x - a +0 broad axe of flaming
Missiles
 h - 15 poisoned darts
 j - 2 throwing nets (quivered)
Armour
 c - a +0 cloak (worn)
 T - a +1 robe of cold resistance (worn)
Magical Staves
 a - a staff of conjuration (weapon)
Jewellery
 y - a ring of resist corrosion
 I - a ring of ice
 N - a +6 ring of intelligence (left hand)
 O - a ring of flight
 V - a ring of magical power (right hand)
Wands
 t - a wand of mindburst (4)
 B - a wand of flame (20)
 F - a wand of charming (3)
 M - a wand of polymorph (2)
 W - a wand of acid (5)
Scrolls
 d - 3 scrolls of vulnerability
 f - 3 scrolls of fear
 g - 3 scrolls of fog {unknown}
 i - 6 scrolls of teleportation
 k - 7 scrolls of enchant armour
 q - a scroll of enchant weapon {unknown}
 r - 5 scrolls of identify
 s - 2 scrolls of immolation {unknown}
 u - 4 scrolls of magic mapping
 z - a scroll of acquirement {unknown}
 C - a scroll of silence {unknown}
 E - 3 scrolls of amnesia
 G - a scroll of holy word {unknown}
 J - a scroll of torment {unknown}
 K - 2 scrolls of brand weapon {unknown}
 R - 2 scrolls of blinking {unknown}
 S - 2 scrolls of summoning {unknown}
Potions
 e - 8 potions of might
 l - 5 potions of resistance
 m - 2 potions of cancellation
 n - 4 potions of attraction
 o - 5 potions of curing
 p - 2 potions of haste
 v - a potion of lignification
 w - 2 potions of mutation
 A - a potion of berserk rage {unknown}
 D - 2 potions of degeneration {unknown}
 H - 2 potions of brilliance {unknown}
 L - a potion of magic {unknown}
 Q - 3 potions of heal wounds {unknown}
 U - 3 potions of ambrosia
Miscellaneous
 P - a condenser vane (inert)


   Skills:
 + Level 12.7 Fighting
 - Level 1.7 Dodging
 - Level 1.4 Stealth
 + Level 9.8 Spellcasting
 + Level 12.2 Conjurations
 * Level 14.4 Fire Magic


You had 15 spell levels left.
You knew the following spells:

 Your Spells              Type           Power      Damage    Failure   Level
a - Foxfire               Conj/Fire      100%       2x1d9     1%          1
b - Scorch                Fire           100%       2d10      1%          2
c - Conjure Flame         Conj/Fire      89%        6-21      1%          3
d - Flame Wave            Conj/Fire      89%        2d15      1%          4
e - Swiftness             Air            12%        N/A       14%         3
f - Hailstorm             Conj/Ice       61%        3d13      3%          4

Your spell library contained the following spells:

 Spells                   Type           Power      Damage    Failure   Level
 Shock                    Conj/Air       100%       1d9       1%          1
 Inner Flame              Hex/Fire       50%        N/A       1%          3
 Animate Skeleton         Necr           24%        N/A       4%          1
 Apportation              Tloc           24%        N/A       4%          1
 Summon Small Mammal      Summ           48%        N/A       4%          1
 Corpse Rot               Necr/Air       24%        N/A       7%          2
 Ensorcelled Hibernation  Hex/Ice        24%        N/A       7%          2
 Poisonous Vapours        Pois/Air       24%        N/A       7%          2
 Confusing Touch          Hex            12%        N/A       14%         3
 Ozocubu's Armour         Ice            12%        N/A       14%         3
 Spider Form              Tmut/Pois      12%        N/A       14%         3
 Airstrike                Air            6%         N/A       43%         4
 Anguish                  Hex/Necr       6%         N/A       43%         4
 Animate Dead             Necr           6%         N/A       43%         4
 Borgnjor's Vile Clutch   Necr/Erth      6%         N/A       78%         5
 Yara's Violent Unravell  Hex/Tmut       6%         3d5       78%         5
 Death Channel            Necr           6%         N/A       100%        6
 Enfeeble                 Hex            6%         N/A       100%        7
 Ozocubu's Refrigeration  Ice            6%         4d6       100%        7
 Shatter                  Erth           6%         3d9*      100%        9


Dungeon Overview and Level Annotations

Branches:
Dungeon (12/15)            Temple (1/1) D:6            Lair (5/6) D:11
 Shoals (0/4) Lair:3       Spider (0/4) Lair:2          Orc (0/2) D:11
  Slime: Lair:5-6

Altars:
Ashenzari
Cheibriados
Elyvilon
Gozag
Hepliaklqana
Makhleb
Nemelex Xobeh
Okawaru
Qazlal
Sif Muna
Trog
Vehumet
Wu Jian
Xom
Zin
The Shining One
Lugonu

Shops:
D:2 [

Portals:
Abyss: Lair:1

Annotations:
D:5 1 runed translucent door, Crazy Yiuf
D:6 5 runed translucent doors
D:8 Gastronok
D:11 exclusion: obsidian statue
Lair:1 exclusion: downstairs


Innate Abilities, Weirdness & Mutations

You are too large for most types of armour.
You have tough skin. (AC +1)


Message History

The elephant is severely wounded. (Press . to intensify the flame waves.)
The elephant closely misses you. The elephant trunk-slaps you.
A wave of flame ripples out!
The flame wave engulfs the elephant!
The elephant is almost dead.
The flame wave engulfs the elephant!
The elephant is moderately wounded.
The elephant tramples you!
* * * LOW HITPOINT WARNING * * *
You hold your ground!
The elephant trunk-slaps you.
* * * LOW HITPOINT WARNING * * *
The elephant tramples you!
* * * LOW HITPOINT WARNING * * *
You hold your ground!
The elephant trunk-slaps you.
* * * LOW HITPOINT WARNING * * *
A wave of flame ripples out!
The flame wave engulfs the elephant.
The elephant is almost dead.
The flame wave engulfs the elephant!
The elephant is heavily wounded.
You finish channelling waves of flame.
The elephant tramples you!
* * * LOW HITPOINT WARNING * * *
You hold your ground!
The elephant trunk-slaps you but does no damage.
The elephant closely misses you. The elephant barely misses you.
Okay, then.
Casting: Flame Wave (safe; 1% risk of failure)
Confirm with . or Enter, or press ? or * to list all spells.
Casting: Flame Wave (safe; 1% risk of failure)
Press: ? - help, Dir - look around, f - activate You feel a surge of power!
A wave of flame ripples out!
The flame wave engulfs the elephant.
The elephant is almost dead.
The flame wave engulfs the elephant!
The elephant is severely wounded. (Press . to intensify the flame waves.)
The elephant barely misses you.
The elephant trunk-slaps you but does no damage.
The elephant tramples you!
You die...
Your body crumbles into a pile of gold.

#.P# ..#.......########....
#P..####..##......######.....
#..#..P#.##.(.....#...P.#....
##.#..P.#.....................
#.............................
#.............................
##............................
###.............Y...............
#..#....#...###@Y...............
#......P########.......#.....(..
###....#####.# #....##..##.....#
##....##.#.###...#.#..#.#.....
##..P##P....##...+.....#.#....
#..........#.#...#....##.>.
##...#....###....#.##.....
#....##..## ##.....##....
#...###...####....##...#


You could see 2 elephants.

Vanquished Creatures
  Snorg (D:12)
  3 hydras
  Fannar (Lair:3)
  Harold (D:8)
  3 two-headed ogres
  6 death yaks
  Nergalle (Lair:2)
  An orb spider (Lair:2)
  An ugly thing (D:12)
  A cyclops (D:11)
  3 elephants (Lair:4)
  3 black mambas
  2 torpor snails (Lair:2)
  2 gargoyles
  7 cane toads
  7 komodo dragons
  2 kobold demonologists
  A rime drake (Lair:5)
  Maggie (D:6)
  A queen bee (Lair:3)
  3 trolls
  A hornet (D:9)
  Prince Ribbit (D:8)
  3 meliai (Lair:4)
  3 polar bears
  2 dream sheep (Lair:2)
  Grinder (D:5)
  11 blink frogs
  Sigmund (D:4)
  2 wraiths
  42 yaks
  2 shadows (D:12)
  2 wyverns
  Eustachio (D:6)
  2 basilisks
  3 vampire mosquitoes (D:12)
  A steam dragon (D:8)
  Edmund (D:5)
  16 water moccasins
  Duvessa (D:6)
  A sky beast (D:3)
  A necrophage (D:4)
  5 black bears
  7 orc warriors
  An ogre (D:5)
  13 wolves
  6 centaurs
  Blork the orc (D:6)
  6 bullfrogs
  A wyvern zombie (D:7)
  2 scorpions (D:4)
  Dowan (D:5)
  A water moccasin skeleton (D:4)
  28 killer bees
  8 wights
  5 electric eels
  A bullfrog zombie (D:5)
  2 centaur zombies
  A bullfrog skeleton (D:6)
  8 hounds
  3 orc priests
  2 jellies
  An iguana (D:5)
  6 orc wizards
  A killer bee zombie (D:8)
  A howler monkey zombie (D:6)
  5 adders
  A white imp (D:4)
  3 ufetubi
  An adder skeleton (D:4)
  2 worms (D:2)
  2 dart slugs
  28 orcs
  6 bats
  7 endoplasms
  5 giant cockroaches
  3 goblins
  7 hobgoblins
  5 jackals
  3 quokkas
  12 ball pythons
  3 frilled lizards
  4 kobolds
  9 rats
  A butterfly (Lair:4)
367 creatures vanquished.

Vanquished Creatures (collateral kills)
  A wyvern (Lair:3)
  11 foxfires
12 creatures vanquished.

Vanquished Creatures (others)
  A bush (Lair:4)
  1780 foxfires
  32 fungi
  A lurking horror (Lair:1)
  100 plants
1914 creatures vanquished.

Grand Total: 2293 creatures vanquished

Notes
Turn   | Place    | Note
-------+----------+-------------------------------------------
     0 | D:1      | ragingrage the Ogre Fire Elementalist began the quest for
                  | the Orb.
     0 | D:1      | Reached XP level 1. HP: 16/16 MP: 3/3
   175 | D:1      | Reached skill level 1 in Conjurations
   361 | D:1      | Reached XP level 2. HP: 24/24 MP: 5/5
   615 | D:1      | Reached skill level 3 in Fire Magic
   936 | D:1      | Reached XP level 3. HP: 31/31 MP: 2/7
  1099 | D:1      | Learned a level 2 spell: Scorch
  2012 | D:2      | Found Cutucw's Antique Armour Shoppe.
  2144 | D:2      | Reached XP level 4. HP: 39/39 MP: 5/8
  2485 | D:2      | Learned a level 3 spell: Conjure Flame
  3704 | D:3      | Noticed a sky beast
  3717 | D:3      | Killed a sky beast
  3718 | D:3      | Reached XP level 5. HP: 28/45 MP: 2/11
  4067 | D:4      | Reached skill level 4 in Fire Magic
  4067 | D:4      | Reached XP level 6. HP: 53/53 MP: 6/12
  4413 | D:4      | Noticed a necrophage
  4514 | D:4      | Noticed Sigmund
  4788 | D:4      | Killed Sigmund
  4789 | D:4      | Reached skill level 5 in Spellcasting
  4789 | D:4      | Reached XP level 7. HP: 59/59 MP: 6/14
  5229 | D:4      | Reached skill level 5 in Fire Magic
  5498 | D:5      | Entered Level 5 of the Dungeon
  5851 | D:5      | Noticed Edmund
  6015 | D:5      | Noticed Grinder
  6017 | D:5      | Reached XP level 8. HP: 65/67 MP: 2/17
  6131 | D:5      | Killed Grinder
  6132 | D:5      | Reached skill level 5 in Conjurations
  6216 | D:5      | Learned a level 4 spell: Flame Wave
  6519 | D:5      | HP: 3/67 [Edmund (4)]
  6550 | D:5      | Killed Edmund
  6890 | D:5      | Found a runed translucent door.
  6891 | D:5      | Noticed Crazy Yiuf
  7179 | D:6      | Noticed Duvessa
  7179 | D:6      | Noticed Dowan
  7190 | D:6      | Killed Duvessa
  7191 | D:6      | Reached skill level 6 in Fire Magic
  7193 | D:5      | Killed Dowan
  7457 | D:6      | Noticed Blork the orc
  7892 | D:6      | Noticed Eustachio
  7905 | D:6      | Killed Eustachio
  8096 | D:6      | Noticed Maggie
  8102 | D:6      | Killed Maggie
  8103 | D:6      | Reached XP level 9. HP: 74/74 MP: 14/19
  8132 | D:6      | Found the +9 staff of Olgreb {rPois∞}
  8148 | D:6      | Found a runed translucent door.
  8157 | D:6      | Found a runed translucent gate.
  8157 | D:6      | Found a runed translucent gate.
  8158 | D:6      | Found a runed translucent door.
  8169 | D:6      | Found a runed translucent gate.
  8234 | D:6      | Reached skill level 7 in Fire Magic
  8575 | D:6      | Killed Blork the orc
  8778 | D:6      | Found a staircase to the Ecumenical Temple.
  8949 | Temple   | Entered the Ecumenical Temple
  9022 | Temple   | Became a worshipper of Gozag Ym Sagoz the Greedy
 10148 | D:7      | Reached skill level 8 in Fire Magic
 10634 | D:8      | Noticed Prince Ribbit
 10653 | D:8      | Killed Prince Ribbit
 11002 | D:8      | Noticed Harold
 11011 | D:8      | Killed Harold
 11012 | D:8      | Reached skill level 9 in Fire Magic
 11012 | D:8      | Reached XP level 10. HP: 29/81 MP: 2/20
 11737 | D:8      | Noticed Gastronok
 13304 | D:9      | Reached skill level 10 in Fire Magic
 13339 | D:9      | Reached skill level 1 in Fighting
 13705 | D:9      | Noticed a two-headed ogre
 13710 | D:9      | Killed a two-headed ogre
 14004 | D:9      | Reached XP level 11. HP: 94/98 MP: 21/21
 14093 | D:10     | Entered Level 10 of the Dungeon
 14943 | D:10     | Reached skill level 5 in Fighting
 15596 | D:10     | Found a broken altar of Ashenzari.
 15856 | D:11     | Found a staircase to the Orcish Mines.
 16349 | D:11     | Reached skill level 10 in Conjurations
 16678 | D:11     | Found a staircase to the Lair.
 16719 | D:11     | Noticed an obsidian statue
 16761 | D:11     | Noticed a cyclops
 16869 | D:11     | Killed a cyclops
 16950 | D:11     | Reached skill level 11 in Fire Magic
 17459 | D:11     | Got the Incunabulum of the Apprentice
 18098 | D:11     | Noticed a two-headed ogre
 18142 | D:11     | Killed a two-headed ogre
 18203 | D:12     | Noticed a two-headed ogre
 18301 | D:12     | Killed a two-headed ogre
 18540 | D:12     | Noticed a brown ugly thing
 18554 | D:12     | Killed a brown ugly thing
 18953 | D:12     | Reached XP level 12. HP: 96/122 MP: 9/22
 19420 | D:12     | Noticed Snorg
 19435 | D:12     | Killed Snorg
 19832 | Lair:1   | Entered Level 1 of the Lair of Beasts
 19900 | Lair:1   | Reached skill level 12 in Fire Magic
 20213 | Lair:1   | Reached skill level 10 in Fighting
 20345 | Lair:1   | Learned a level 3 spell: Swiftness
 21569 | Lair:1   | Found a one-way gate to the infinite horrors of the Abyss.
 21574 | Lair:1   | Found a corrupted altar of Lugonu.
 22184 | Lair:2   | Noticed Nergalle
 22192 | Lair:2   | Killed Nergalle
 22232 | Lair:2   | Found a hole to the Spider Nest.
 22831 | Lair:2   | Reached skill level 13 in Fire Magic
 22831 | Lair:2   | Reached XP level 13. HP: 90/136 MP: 3/25
 23988 | Lair:3   | Found a staircase to the Shoals.
 25123 | Lair:3   | Noticed Fannar
 25138 | Lair:3   | Killed Fannar
 26959 | Lair:3   | Learned a level 4 spell: Hailstorm
 27625 | Lair:4   | HP: 7/140 [poisoned by a cane toad]
 28202 | Lair:4   | Reached skill level 14 in Fire Magic
 30367 | Lair:5   | Reached XP level 14. HP: 150/150 MP: 17/27
 31131 | Lair:5   | Slain by an elephant

Illustrated notes

Levels and vault maps discovered:
D:1:      scummos_arrival_gate, layout_basic
D:2:      layout_rooms, serial_shops, nicolae_shop_window_shopping,
          serial_aquarium, aquarium_bridge_square [aquarium_subvault_wall,
          aquarium_subvault_wall, aquarium_subvault_balcony,
          aquarium_subvault_bridge], aquarium_window_fake,
          aquarium_window_corner, aquarium_window_1, aquarium_view_2a,
          aquarium_view_2f, aquarium_pool_2
D:3:      layout_basic
D:4:      layout_gridville, hangedman_minor_gate_pass, uniq_sigmund
D:5:      layout_loops_ring, grunt_decor_one_mirror, st_stairs_14, uniq_edmund,
          uniq_crazy_yiuf_cottage, uniq_grinder
D:6:      layout_loops_corners, minmay_temple_entry_fiery,
          minmay_guarded_unrand_staff_of_olgreb, uniq_maggie, uniq_duvessa,
          uniq_eustachio, uniq_blork_the_orc
D:7:      layout_cave_pods, kennysheep_crisscross
D:8:      layout_loops_ring, patterned_corridor, uniq_harold, uniq_gastronok,
          uniq_prince_ribbit1
D:9:      layout_grid_maze
D:10:     layout_cave_pools, lemuel_coloured_pillars_altar
D:11:     layout_basic, erik_lair_island, david_orc_2, minmay_protected_statue
D:12:     layout_rooms, uniq_snorg
Temple:   regret_index_temple_sigil_plot
Lair:1:   layout_regular_city, amcnicky_altar_lugonu_corruption,
          grunt_megastairs_1, serial_bayou_shore_a, lemuel_fruit_tree
Lair:2:   layout_cave_shapes, nicolae_spider_entry_orb_guardian,
          grunt_megastairs_2, uniq_nergalle
Lair:3:   layout_layer_cave, shoals_dummy_entry,
          nicolae_lair_grove_arrangements, hangedman_lair_unloving_vines,
          chequers_serial_rivers_micro_e, uniq_fannar
Lair:4:   layout_gridlike, portal_ice_cave_entry_pillars_1, special_room
          [special_room_bee], serial_bayou, serial_bayou_pond_c,
          serial_bayou_ford_a, serial_bayou_pond_c, serial_bayou_shore_b,
          serial_bayou_pond_a, lemuel_fruit_fields
Lair:5:   layout_regular_city, grunt_megastairs_5, infiniplex_staircase_pool_2

Skill      XL: |  1  2  3  4  5  6  7  8  9 10 11 12 13 |
---------------+----------------------------------------+-----
Conjurations   | 1 2 3 4 6 8 9 10 11 12 | 12.2
Fire Magic     | 3 4 5 6 9 10 11 13 14 | 14.4
Spellcasting   | 3 4 5 6 7 8 9 |  9.8
Fighting       | 3 8 10 12 | 12.7
Dodging        | |  1.7
Stealth        | |  1.4

Action                   |  1- 3 |  4- 6 |  7- 9 | 10-12 | 13-15 || total
-------------------------+-------+-------+-------+-------+-------++-------
Melee: Unarmed           |    35 |       |       |       |       ||    35
       Punch             |     2 |       |       |       |       ||     2
       Mace              |    12 |     9 |       |       |       ||    21
       Dagger            |       |     8 |    33 |       |       ||    41
       Short sword       |       |       |     6 |    31 |     7 ||    44
       Staff             |       |       |       |    34 |     4 ||    38
Throw: Throwing net      |       |       |       |     1 |       ||     1
 Cast: Foxfire           |    75 |   105 |   164 |   455 |   269 ||  1068
       Scorch            |       |    11 |    81 |   180 |   135 ||   407
       Flame Wave        |       |       |       |     8 |    21 ||    29
       Hailstorm         |       |       |       |       |     6 ||     6
Evoke: Wand              |       |       |     5 |     8 |     4 ||    17
       Condenser vane    |       |       |       |       |     1 ||     1
  Use: Potion            |       |       |     3 |       |     3 ||     6
       Scroll            |       |       |       |    13 |       ||    13
 Stab: Sleeping          |       |       |     2 |       |       ||     2
Armor: Robe              |    17 |     9 |    15 |       |    25 ||    66
       Steam dragon scal |       |       |     8 |    89 |     8 ||   105
       Skin              |       |       |       |       |     8 ||     8
Dodge: Dodged            |    26 |    19 |    38 |   142 |    79 ||   304

Table legend: (Time is in decaauts)
 A = Elapsed time spent in this place.
 B = Non-inter-level travel time spent in this place.
 C = Inter-level travel time spent in this place.
 D = Time resting spent in this place.
 E = Time spent auto-exploring this place.
 F = Levels seen in this place.
 G = Mean time per level.
                   A        B        C        D        E       F      G
               +--------+--------+--------+--------+--------+-----+--------+
         Total |  31194 |  30127 |   1067 |  11150 |  15097 |  18 | 1733.0 |
       Dungeon |  19769 |  18985 |    784 |   6113 |  10586 |  12 | 1647.4 |
        Temple |     88 |     57 |     31 |      0 |     44 |   1 |   88.0 |
          Lair |  11336 |  11085 |    251 |   5037 |   4467 |   5 | 2267.2 |
               +--------+--------+--------+--------+--------+-----+--------+

Top non-repeatable levels by time:
  Lair:4: 2715 daAuts
  Lair:3: 2686 daAuts
  Lair:1: 2578 daAuts
    D:11: 2545 daAuts
  Lair:2: 2492 daAuts
     D:8: 1858 daAuts
     D:5: 1795 daAuts
     D:7: 1777 daAuts
     D:6: 1745 daAuts
     D:1: 1708 daAuts
     D:9: 1699 daAuts
    D:12: 1614 daAuts
     D:3: 1290 daAuts
     D:4: 1283 daAuts
    D:10: 1226 daAuts
